 Dungeon Crawl Stone Soup version 0.28-a0-750-g7c675f85b1 (webtiles) character file.

Game seed: 9797342683439177802

50 KoroneIsBestGirl the Skirmisher (level 3, -1/40 HPs)
             Began as an Ogre Fighter on Oct 29, 2021.
             Slain by an adder (2 damage)
             ... on level 1 of the Dungeon.
             The game lasted 00:01:08 (1799 turns).

KoroneIsBestGirl the Skirmisher (Ogre Fighter)      Turns: 1799, Time: 00:01:10

Health: -1/40      AC:  3    Str: 21    XL:     3   Next: 79%
Magic:  3/3        EV:  8    Int:  9    God:
Gold:   51         SH:  7    Dex:  8    Spells: 2/2 levels left

rFire   . . .      SeeInvis .   a - +0 trident
rCold   . . .      Faith    .   c - +0 kite shield
rNeg    . . .      Spirit   .   b - +0 robe
rPois   .          Reflect  .   (helmet restricted)
rElec   .          Harm     .   (no cloak)
rCorr   .          Rampage  .   (gloves unavailable)
Will    .....                   (boots unavailable)
Stlth   +.........              (no amulet)
HPRegen 0.13/turn               (no ring)
MPRegen 0.08/turn               (no ring)

@: lethally poisoned (-1 -> -6)
A: large, unfitting armour, tough skin 1
a: no special abilities


You were on level 1 of the Dungeon.
You visited 1 branch of the dungeon, and saw 2 of its levels.

You collected 51 gold pieces.

Inventory:

Hand Weapons
 a - a +0 trident (weapon)
Armour
 b - a +0 robe (worn)
 c - a +0 kite shield (worn)
Scrolls
 e - a scroll of torment {unknown}
 f - a scroll of holy word {unknown}
 h - a scroll of immolation {unknown}
Potions
 d - 2 potions of might
 g - a potion of magic {unknown}
 i - a potion of brilliance {unknown}
 j - a potion of flight {unknown}


   Skills:
 + Level 4.6 Fighting
 + Level 2.6 Polearms
 + Level 3.1 Dodging
 + Level 3.1 Shields


You had 2 spell levels left.
You didn't know any spells.
Your spell library was empty.

Dungeon Overview and Level Annotations

Branches:
Dungeon (2/15)

Altars:


Innate Abilities, Weirdness & Mutations

You are too large for most types of armour.
You have tough skin. (AC +1)


Message History

You barely miss the adder.
You feel sick. The adder closely misses you. The adder bites you.
The adder bites you but does no damage. You block the adder's attack.
You miss the adder.
You feel sick. The adder bites you but does no damage. The adder bites you.
You are more poisoned.
The adder poisons you!
A giant cockroach comes into view.
The adder bites you.
You are more poisoned.
The adder poisons you! The kobold hits you with a +0 club.
You block the adder's attack.
You feel very sick.
You feel sick.
You feel sick. You block the adder's attack.
You feel sick.
You feel sick.
You feel sick. The adder misses you.
You feel sick.
You feel sick.
You feel sick.
You are no longer poisoned.
The adder completely misses you. The adder bites you but does no damage.
There is a stone staircase leading up here.
You block the adder's attack. The adder completely misses you.
You climb upwards.
There is a stone staircase leading down here.
You miss the adder. The adder bites you.
* * * LOW HITPOINT WARNING * * *
You are lethally poisoned!
The adder poisons you!
You hit the adder.
The adder is heavily wounded.
* * * LOW HITPOINT WARNING * * *
You feel very sick. The adder bites you.
* * * LOW HITPOINT WARNING * * *
The adder bites you.
You die...

#.###........#
#...†........#
################'#+#'###
#....)........##.#.#.#
#.###########.##.#.#.###
#.#.....................
#.#.###.#.##..^.........
#.#.# #.#.##...#.###.###
#.#.# #@S...............
#.#.# ###.##...#.###.###
#.#.# #.###..#.# #.###
#.#.# #.# #..#.# #....
#.#.#####.####'### #....
#.#........##...## #....
#.######..##.....###....
#.# #.##.8...8.##....
#.########.#.....#.##..#


You could see an adder.

Vanquished Creatures
  3 adders (D:2)
  3 bats
  2 endoplasms
  2 giant cockroaches (D:2)
  6 hobgoblins
  2 ball pythons (D:1)
  A kobold (D:1)
  4 rats
23 creatures vanquished.

Vanquished Creatures (others)
  9 plants (D:2)
9 creatures vanquished.

Grand Total: 32 creatures vanquished

Notes
Turn   | Place    | Note
-------+----------+-------------------------------------------
     0 | D:1      | KoroneIsBestGirl the Ogre Fighter began the quest for the
                  | Orb.
     0 | D:1      | Reached XP level 1. HP: 24/24 MP: 1/1
   450 | D:1      | Reached XP level 2. HP: 28/32 MP: 2/2
  1245 | D:2      | Reached XP level 3. HP: 40/40 MP: 3/3
  1799 | D:1      | HP: 2/40 [poisoned by an adder]
  1799 | D:1      | Slain by an adder

Illustrated notes

Levels and vault maps discovered:
D:1:      saegor_arrival_simple_b, layout_basic, chequers_jeans,
          dk_noncrumbling_3
D:2:      wad_lake_hut, layout_basic,
          hellmonk_ecumenical_altar_pennies_from_heaven, st_stairs_11, hex_tiny,
          nrook_campfire, uniq_sigmund

Skill      XL: |  1  2 |
---------------+-------+-----
Dodging        | 3 |  3.1
Shields        | 3 |  3.1
Fighting       | |  4.6
Polearms       | |  2.6

Action                   || total
-------------------------++-------
Melee: Trident           ||    87
Armor: Robe              ||    29
Dodge: Dodged            ||    32
Block: Kite shield       ||    33

Table legend: (Time is in decaauts)
 A = Elapsed time spent in this place.
 B = Non-inter-level travel time spent in this place.
 C = Inter-level travel time spent in this place.
 D = Time resting spent in this place.
 E = Time spent auto-exploring this place.
 F = Levels seen in this place.
 G = Mean time per level.
                   A        B        C        D        E       F      G
               +--------+--------+--------+--------+--------+-----+--------+
         Total |   1832 |   1822 |     10 |      0 |   1607 |   2 |  916.0 |
       Dungeon |   1832 |   1822 |     10 |      0 |   1607 |   2 |  916.0 |
               +--------+--------+--------+--------+--------+-----+--------+

Top non-repeatable levels by time:
     D:1: 1179 daAuts
     D:2: 653 daAuts
